 Dungeon Crawl Stone Soup version 0.18.1-48-g4cf74bf (webtiles) character file.

24017 TuxedoFelix the Peltast (level 12, -6/92 HPs)
             Began as a Minotaur Fighter on July 22, 2016.
             Was the Champion of Ru.
             Mangled by a death yak (15 damage)
             ... on level 8 of the Lair of Beasts on July 23, 2016.
             The game lasted 02:36:29 (22994 turns).

TuxedoFelix the Peltast (Minotaur Fighter)         Turns: 22994, Time: 02:36:30

Health: -6/92      AC: 27    Str: 25    XL:     12   Next: 76%
Magic:  6/11       EV:  9    Int:  5    God:    Ru [******]
Gold:   1315       SH: 19    Dex: 11    Spells: 0 memorised, 11 levels left

rFire  + . .     SeeInvis .     a - +2 trident
rCold  . . .     Gourm    .     P - +3 plate armour
rNeg   . . .     Faith    .     c - +5 shield
rPois  .         Spirit   .     (helmet restricted)
rElec  .         Dismiss  +     (no cloak)
rCorr  .         Reflect  .     B - +0 pair of gloves
SustAt .         Harm     .     (no boots)
MR     .....     Clarity  +     v - amulet of dismissal
Stlth  ..........               M - +4 ring of protection
                                A - +3 ring of protection

@: exhausted, very slightly contaminated, not resistant to hostile enchantments,
extremely unstealthy
A: retaliatory headbutt, horns 2, thin metallic scales 1, clarity, fire
resistance 1, screaming 1, no stealth, inability to use devices, hated by all,
reduced EV 1, inexperienced 1
a: Draw Out Power, Power Leap, Apocalypse, Renounce Religion


You were on level 8 of the Lair of Beasts.
You worshipped Ru.
Ru was exalted by your worship.
You were not hungry.

You visited 3 branches of the dungeon, and saw 18 of its levels.

You collected 1315 gold pieces.

Inventory:

Hand Weapons
 a - a +2 trident (weapon)
Missiles
 j - 3 tomahawks (quivered)
Armour
 c - a +5 shield (worn)
 B - a +0 pair of gloves (worn)
 P - a +3 plate armour (worn)
Jewellery
 b - an uncursed amulet of magic regeneration
 q - an uncursed ring of fire
 v - an amulet of dismissal (around neck)
 w - a +2 ring of strength
 y - a cursed -2 ring of dexterity {unknown}
 A - a +3 ring of protection (left hand)
 E - an uncursed amulet of rage
 M - a +4 ring of protection (right hand)
 X - an uncursed ring of resist corrosion
 Y - a +3 ring of evasion
Scrolls
 d - a scroll of fear
 e - 9 scrolls of teleportation
 n - 3 scrolls of recharging
 p - 2 scrolls of amnesia
 x - a scroll of blinking
 z - 2 scrolls of magic mapping
 C - a scroll of immolation
 D - a scroll of fog {unknown}
 G - 3 scrolls of remove curse
 J - a scroll of silence {unknown}
 K - a scroll of summoning {unknown}
 T - a scroll of acquirement
Potions
 g - a potion of mutation
 i - 3 potions of lignification
 k - a potion of heal wounds {unknown}
 l - a potion of agility
 m - a potion of invisibility {unknown}
 o - 3 potions of haste
 s - a potion of resistance {unknown}
 t - 2 potions of brilliance
 F - 3 potions of flight
 I - a potion of cure mutation {unknown}
 S - a potion of magic
Books
 r - a book of Fire

   Spells                             Type                      Level
   a - Ignite Poison                  Fire/Transmutation/Poison    3
   b - Fireball                       Conjuration/Fire             5
   c - Bolt of Fire                   Conjuration/Fire             6
   d - Delayed Fireball               Conjuration/Fire             7
   e - Ring of Flames                 Charms/Fire                  7
 O - a book of Battle

   Spells                             Type                      Level
   a - Infusion                       Charms                       1
   b - Shroud of Golubria             Charms/Translocation         2
   c - Song of Slaying                Charms                       2
   d - Spectral Weapon                Hexes/Charms                 3
   e - Regeneration                   Charms/Necromancy            3
 Q - a book of Power

   Spells                             Type                      Level
   a - Fulminant Prism                Conjuration/Hexes            4
   b - Iskenderun's Mystic Blast      Conjuration                  4
   c - Venom Bolt                     Conjuration/Poison           5
   d - Bolt of Magma                  Conjuration/Fire/Earth       5
   e - Iron Shot                      Conjuration/Earth            6
   f - Orb of Destruction             Conjuration                  7
   g - Spellforged Servitor           Conjuration/Summoning        7
Comestibles
 f - 2 beef jerkies
 h - 24 royal jellies
 H - 4 meat rations
 L - 28 fruits
 N - 2 bread rations
 R - 7 chunks of flesh


   Skills:
 - Level 4.3 Fighting
 - Level 14.0 Polearms
 * Level 4.2 Throwing
 * Level 9.3 Armour
 * Level 14.1 Dodging
 - Level 15.0 Shields


You had 11 spell levels left.
You didn't know any spells.

Dungeon Overview and Level Annotations

Branches:
Dungeon (9/15)             Temple (1/1) D:4            Lair (8/8) D:9
 Shoals (0/4) Lair:6       Spider (0/4) Lair:6        Slime (0/6) Lair:6
    Orc (0/2) D:9

Altars:
Ashenzari
Cheibriados
Dithmenos
Elyvilon
Fedhas
Gozag
Kikubaaqudgha
Makhleb
Nemelex Xobeh
Okawaru
Pakellas
Qazlal
Ru
Sif Muna
Trog
Vehumet
Xom
Yredelemnul
Zin
The Shining One

Annotations:
Lair:5 exclusion: oklob plant, Nessos


Innate Abilities, Weirdness & Mutations

You reflexively headbutt those who attack you in melee.
You have a pair of horns on your head.
You occasionally shout uncontrollably at your foes.
You cannot be stealthy.
You cannot study or use magical devices.
You are hated by all.
You have somewhat slow reflexes. (EV -3)
You are somewhat inexperienced (-2 XL).
You are partially covered in thin metallic scales (AC +2).
You possess an exceptional clarity of mind.
Your flesh is heat resistant.


Message History

You hit the death yak.
The death yak is severely wounded.
The death yak is stunned by your will and fails to attack.
You block the death yak's attack.
You hit the death yak but do no damage.
The death yak is severely wounded.
The death yak misses you. The death yak gores you. The death yak gores you!
* * * LOW HITPOINT WARNING * * *
You focus your will and blind the death yak in retribution!
As you read the scroll of fear, it crumbles to dust.
You assume a fearsome visage.
The death yak looks frightened!
The death yak resists with almost no effort.
The death yak looks frightened!
The death yak resists with almost no effort.
The death yak easily resists.
You block the death yak's attack. The death yak gores you!!
* * * LOW HITPOINT WARNING * * *
You focus your will and blind the death yak in retribution!
The death yak gores you!
You die...

######...÷....
##..........P
##.P..........
###...####......
##...### ###.P.♣
##...## ##.÷.
##P...# #..#
#....## ##.#
#.@÷÷# #.#
#Y.Y## .# #.(Y#
#Y.## ##.Y#
#...# #...#
#.P.# . #P..#
#Y.


You could see 5 death yaks.

Vanquished Creatures
  3 hydras
  A catoblepas (Lair:8)
  The ghost of kak the Covert, a novice SpAK of Lugonu (D:9)
  2 griffons
  7 elephants
  Joseph (Lair:1)
  10 black mambas
  A siren (Lair:6)
  2 torpor snails
  8 spiny frogs
  7 komodo dragons
  2 rime drakes
  A queen bee (Lair:2)
  A polar bear (Lair:8)
  18 blink frogs
  A tarantella (Lair:6)
  27 yaks
  Eustachio (D:5)
  8 hippogriffs
  18 water moccasins
  10 porcupines
  2 orc warriors
  3 sky beasts
  A wasp (D:7)
  11 ice beasts
  A black bear (Lair:8)
  A phantom (D:4)
  5 ogres
  8 wolves
  5 centaurs
  16 crocodiles
  16 giant frogs
  A big kobold (D:9)
  2 scorpions
  28 killer bees
  4 howler monkeys
  4 wights (D:7)
  An electric eel (Lair:8)
  2 crimson imps
  A centaur zombie (D:7)
  A wasp zombie (D:9)
  12 jellies
  7 hounds
  7 orc wizards
  7 orc priests
  A giant frog skeleton (D:5)
  Terence (D:3)
  9 iguanas
  9 worker ants
  51 sheep
  2 hound skeletons
  A howler monkey skeleton (D:9)
  3 worker ant zombies
  2 gnolls
  57 river rats
  14 adders
  An adder zombie (D:5)
  An adder skeleton (D:5)
  2 worms
  2 dart slugs
  A giant gecko (D:2)
  28 orcs
  7 bats
  5 giant cockroaches
  7 goblins
  12 hobgoblins
  11 jackals
  5 kobolds
  6 quokkas
  2 ball pythons
  5 giant newts
  2 quokka skeletons
  7 rats
  A fungus (Lair:7)
  2 plants (Lair:6)
533 creatures vanquished.

Vanquished Creatures (others)
  A torpor snail (Lair:8)
  A blink frog (Lair:3)
  A yak (Lair:3)
  A water moccasin (D:9)
  3 wolves
  A killer bee (Lair:2)
  A centaur skeleton (D:7)
  4 sheep
  A river rat (Lair:4)
  A bat (D:1)
  25 fungi
  19 plants
59 creatures vanquished.

Grand Total: 592 creatures vanquished

Notes
Turn   | Place    | Note
--------------------------------------------------------------
     0 | D:1      | TuxedoFelix the Minotaur Fighter began the quest for the Orb.
     0 | D:1      | Reached XP level 1. HP: 19/19 MP: 0/0
     7 | D:1      | Noticed a redback
     7 | D:1      | Noticed a rime drake
     8 | D:1      | Noticed a black mamba
   112 | D:1      | Reached XP level 2. HP: 22/27 MP: 1/1
   766 | D:2      | Reached XP level 3. HP: 33/33 MP: 2/2
  1049 | D:2      | Found a basalt altar of Yredelemnul.
  1049 | D:2      | Found a sacrificial altar of Ru.
  1057 | D:2      | Became a worshipper of Ru the Awakened
  1101 | D:2      | Reached skill level 1 in Dodging
  1101 | D:2      | Reached skill level 4 in Shields
  1105 | D:2      | Reached XP level 4. HP: 20/40 MP: 3/3
  1349 | D:2      | Found a shattered altar of Ashenzari.
  1349 | D:2      | Found a shimmering altar of Xom.
  1356 | D:2      | Found a shadowy altar of Dithmenos.
  1673 | D:2      | Reached skill level 5 in Armour
  2155 | D:3      | Noticed Terence
  2175 | D:3      | Killed Terence
  2175 | D:3      | Reached XP level 5. HP: 18/47 MP: 4/4
  2913 | D:3      | Gained mutation: You cannot be stealthy. [Ru sacrifice]
  3030 | D:3      | Found an opulent altar of Gozag.
  3108 | D:3      | Reached skill level 5 in Shields
  3420 | D:4      | Noticed an ogre
  3429 | D:4      | Killed an ogre
  3429 | D:4      | Reached XP level 6. HP: 35/53 MP: 5/5
  3753 | D:4      | Found an ancient bone altar of Kikubaaqudgha.
  3769 | D:4      | Found a staircase to the Ecumenical Temple.
  3946 | D:4      | Reached skill level 5 in Polearms
  3946 | D:4      | Reached XP level 7. HP: 60/60 MP: 6/6
  4005 | Temple   | Entered the Ecumenical Temple
  4210 | D:4      | Reached skill level 6 in Shields
  4548 | D:5      | Entered Level 5 of the Dungeon
  4903 | D:5      | Reached skill level 5 in Dodging
  4903 | D:5      | Reached skill level 7 in Shields
  4903 | D:5      | Reached XP level 8. HP: 67/67 MP: 7/7
  5496 | D:5      | Noticed Eustachio
  5504 | D:5      | Killed Eustachio
  5575 | D:5      | Gained mutation: You cannot study or use magical devices. [Ru sacrifice]
  5575 | D:5      | Reached * piety under Ru
  5575 | D:5      | Reached ** piety under Ru
  5575 | D:5      | Reached *** piety under Ru
  5836 | D:6      | Found a blossoming altar of Fedhas.
  5893 | D:6      | Reached skill level 8 in Shields
  6921 | D:7      | Found an iron altar of Okawaru.
  7124 | D:7      | Paralysed by a wasp for 3 turns
  7148 | D:7      | Reached XP level 9. HP: 58/72 MP: 8/8
  7548 | D:7      | Reached skill level 9 in Shields
  8302 | D:8      | Gained mutation: You are hated by all. [Ru sacrifice]
  8302 | D:8      | Reached **** piety under Ru
  8504 | D:8      | Found an oddly glowing altar of Pakellas.
  9363 | D:9      | Found a staircase to the Lair.
  9371 | D:9      | Noticed kak's ghost (novice SpAK)
  9424 | D:9      | Reached skill level 10 in Shields
  9462 | D:9      | Found an iron altar of Okawaru.
  9640 | D:9      | Killed kak's ghost
  9640 | D:9      | Reached XP level 10. HP: 67/80 MP: 9/9
  9672 | D:9      | Found a deep blue altar of Sif Muna.
 10132 | D:9      | Reached skill level 10 in Polearms
 10459 | D:9      | Found a staircase to the Orcish Mines.
 10914 | Lair:1   | Entered Level 1 of the Lair of Beasts
 10914 | Lair:1   | Noticed Joseph
 10989 | Lair:1   | Killed Joseph
 11044 | Lair:1   | Noticed a spiny frog
 11055 | Lair:1   | Killed a spiny frog
 11135 | Lair:1   | Reached skill level 11 in Shields
 11756 | Lair:1   | Reached skill level 10 in Dodging
 11760 | Lair:1   | Gained mutation: You have somewhat slow reflexes. (EV -3) [Ru sacrifice]
 11760 | Lair:1   | Reached ***** piety under Ru
 11953 | Lair:1   | Reached XP level 11. HP: 56/85 MP: 10/10
 12301 | Lair:1   | Reached skill level 12 in Shields
 12440 | Lair:2   | Gained mutation: Your flesh is heat resistant. [potion of mutation]
 12440 | Lair:2   | Gained mutation: You possess an exceptional clarity of mind. [potion of mutation]
 12440 | Lair:2   | Gained mutation: You are partially covered in thin metallic scales (AC +2). [potion of mutation]
 13627 | Lair:3   | Found a glowing silver altar of Zin.
 14223 | Lair:3   | Noticed a seven-headed hydra
 14246 | Lair:3   | Killed a seven-headed hydra
 14246 | Lair:3   | Reached skill level 13 in Shields
 14615 | Lair:3   | Reached XP level 12. HP: 71/92 MP: 11/11
 15942 | Lair:4   | Gained mutation: You are somewhat inexperienced (-2 XL). [Ru sacrifice]
 15942 | Lair:4   | Reached XP level 11. HP: 85/85 MP: 10/10
 15942 | Lair:4   | Reached XP level 10. HP: 80/80 MP: 9/9
 16017 | Lair:4   | Noticed a torpor snail
 16056 | Lair:4   | Killed a torpor snail
 16361 | Lair:4   | Noticed a black mamba
 16388 | Lair:4   | Killed a black mamba
 16638 | Lair:4   | Noticed a spiny frog
 16648 | Lair:4   | Killed a spiny frog
 16695 | Lair:4   | Reached skill level 14 in Shields
 17053 | Lair:4   | Reached XP level 11. HP: 85/85 MP: 10/10
 17088 | Lair:4   | Identified 2 scrolls of acquirement
 17766 | Lair:4   | Gained mutation: You occasionally shout uncontrollably at your foes. [Ru sacrifice]
 17766 | Lair:4   | Reached ****** piety under Ru
 18343 | Lair:5   | Noticed Nessos
 18522 | Lair:5   | Noticed an oklob plant
 19143 | Lair:6   | Found a staircase to the Slime Pits.
 19435 | Lair:6   | Found a hole to the Spider Nest.
 19495 | Lair:6   | Found a staircase to the Shoals.
 20870 | Lair:7   | Reached skill level 15 in Shields
 20870 | Lair:7   | Reached XP level 12. HP: 69/92 MP: 11/11
 21100 | Lair:7   | Found a snail-covered altar of Cheibriados.
 21555 | Lair:8   | Entered Level 8 of the Lair of Beasts
 21571 | Lair:8   | Reached skill level 1 in Throwing
 21597 | Lair:8   | Noticed a five-headed hydra
 22230 | Lair:8   | Noticed a six-headed hydra
 22238 | Lair:8   | Killed a six-headed hydra
 22264 | Lair:8   | Killed a five-headed hydra
 22927 | Lair:8   | Noticed a death yak
 22928 | Lair:8   | Noticed a death yak
 22928 | Lair:8   | Noticed a death yak
 22928 | Lair:8   | Noticed a death yak
 22928 | Lair:8   | Noticed a death yak
 22929 | Lair:8   | Noticed a death yak
 22932 | Lair:8   | Noticed a catoblepas
 22985 | Lair:8   | Killed a catoblepas
 22994 | Lair:8   | Mangled by a death yak

Skill      XL: |  1  2  3  4  5  6  7  8  9 10 11 12 |
---------------+-------------------------------------+-----
Fighting       | 4 |  4.3
Armour         | 4 5 7 9 |  9.3
Dodging        | 1 2 3 5 6 8 10 13 14 | 14.1
Shields        | 4 5 7 8 10 14 15 | 15.0
Polearms       | 3 4 5 6 8 9 11 14 | 14.0
Throwing       | 4 |  4.2

Action                   |  1- 3 |  4- 6 |  7- 9 | 10-12 || total
-------------------------+-------+-------+-------+-------++-------
Melee: Trident           |    73 |   196 |   610 |  1834 ||  2713
       Headbutt          |     9 |    32 |    84 |   423 ||   548
Throw: Throwing net      |       |       |       |     1 ||     1
       Tomahawk          |       |       |       |    14 ||    14
Invok: Sacrifice Stealth |       |     1 |       |       ||     1
       Sacrifice Artific |       |       |     1 |       ||     1
       Sacrifice Love    |       |       |     1 |       ||     1
       Power Leap        |       |       |       |     7 ||     7
       Sacrifice Health  |       |       |       |     1 ||     1
       Sacrifice Experie |       |       |       |     1 ||     1
       Apocalypse        |       |       |       |     1 ||     1
       Sacrifice Purity  |       |       |       |     1 ||     1
  Use: Scroll            |       |     9 |     9 |    22 ||    40
       Potion            |       |       |     3 |    13 ||    16
 Stab: Distracted        |       |       |     2 |    10 ||    12
       Invisible         |       |       |     2 |     9 ||    11
       Paralysed         |       |       |       |     4 ||     4
       Held in net/web   |       |       |       |     1 ||     1
  Eat: Bread ration      |       |     2 |     2 |     3 ||     7
       Meat ration       |       |     1 |       |       ||     1
       Pizza             |       |       |     3 |     1 ||     4
       Beef jerky        |       |       |     2 |       ||     2
       Chunk             |       |       |       |    20 ||    20
       Fruit             |       |       |       |     5 ||     5
       Royal jelly       |       |       |       |     2 ||     2
Armor: Scale mail        |    34 |    31 |       |       ||    65
       Chain mail        |       |    37 |   143 |    29 ||   209
       Plate armour      |       |       |       |   535 ||   535
       Skin              |       |       |       |    11 ||    11
Dodge: Dodged            |    21 |    58 |   120 |   288 ||   487
Block: Shield            |    34 |   112 |   284 |  1361 ||  1791
